cohdb
Replays
Latest Replays
All Replays
Popular Replays
Top Player Replays
Match Explorer
How It Works
Community
CoH3 Stats
Reddit
Sign in to upload your games and track your stats! →
Sign in with Steam
Match 46983753
Unlisted
Match 46983753
Overview
Messages
Build Orders
End
Kettenkrad Recon Vehicle
Construct Infanterie Kompanie
Selects Breakthrough Battlegroup
Selects Assault Grenadiers
MG 42 Machine Gun Team
GrW 34 Mortar Team
Grenadier Squad
Infanterie Officer Quarters
Medical Station
Grenadier Squad
Construct Luftwaffe Kompanie
Selects Smoke Bombing Run
Support Elements
Selects Mechanized Assault Group
Mechanized Assault Group
Wirbelwind Flakpanzer
Smoke Bombing Run
Luftwaffe Officer Quarters
Grenadier Squad
Smoke Bombing Run
Pioneer Squad
Pioneer Squad
Selects Rapid Production
Side Skirts
Smoke Bombing Run
Marder III M Tank Destroyer
Marder III M Tank Destroyer
Marder III M Tank Destroyer
Grenadier Squad
Suby
Ards
Brasso
OCTAVOR1
MuniekPL
TheVVitcher
Husar
Zmasowany
0
0
Comments
sign in to comment!
No comments posted yet!